 Dungeon Crawl Stone Soup version 0.19.5 (webtiles) character file.

86 sveltemanboy the Skirmisher (level 4, -4/37 HPs)
             Began as a Demonspawn Monk on Apr 22, 2017.
             Slain by Natasha (5 damage)
             ... on level 2 of the Dungeon.
             The game lasted 00:03:37 (1595 turns).

sveltemanboy the Skirmisher (Demonspawn Monk)       Turns: 1595, Time: 00:03:37

Health: -4/37      AC:  4    Str: 11    XL:     4   Next: 27%
Magic:  4/4        EV: 15    Int: 12    God:
Gold:   94         SH:  0    Dex: 16    Spells: 0 memorised, 3 levels left

rFire  . . .     SeeInvis .     a - +0 spear
rCold  . . .     Gourm    .     l - +0 leather armour
rNeg   . . .     Faith    .     (no shield)
rPois  .         Spirit   .     (no helmet)
rElec  .         Reflect  .     (no cloak)
rCorr  .         Harm     .     k - +0 pair of gloves (curse)
MR     .....                    (no boots)
Stlth  ++........               (no amulet)
                                (no ring)
                                (no ring)

@: no status effects
A: repulsion field 1, powered by death 1
a: no special abilities


You were on level 2 of the Dungeon.
You were not hungry.

You visited 1 branch of the dungeon, and saw 2 of its levels.

You collected 94 gold pieces.

Inventory:

Hand Weapons
 a - a +0 spear (weapon)
Missiles
 m - 5 exploding tomahawks (quivered)
Armour
 k - a cursed +0 pair of gloves (worn)
 l - a +0 leather armour (worn)
Scrolls
 e - 2 scrolls of magic mapping {unknown}
 f - 2 scrolls of remove curse {unknown}
 h - 2 scrolls of teleportation {unknown}
 i - a scroll of identify {unknown}
 j - a scroll of enchant weapon {unknown}
Comestibles
 b - a beef jerky
 c - 3 bread rations
 d - 2 slices of pizza
 g - 2 meat rations
 n - a chunk of flesh


   Skills:
 + Level 4.1 Fighting
 - Level 2.6 Polearms
 + Level 2.1 Armour
 - Level 3.0 Dodging
 - Level 1.7 Stealth


You had 3 spell levels left.
You didn't know any spells.

Dungeon Overview and Level Annotations

Branches:
Dungeon (2/15)

Altars:

Annotations:
D:2 Natasha


Innate Abilities, Weirdness & Mutations

You are surrounded by a mild repulsion field. (EV +2)
You regenerate a little health from kills.


Message History

Natasha is severely wounded.
The rat barely misses you.
Natasha stares at you and mumbles some strange words.
The magic dart hits you!
* * * LOW HITPOINT WARNING * * *
The shadow imp picks up a beetle and eats it.
The shadow imp hits you.
* * * LOW HITPOINT WARNING * * *
Unknown command.
You aren't carrying any potions.
You hit Natasha.
Natasha is almost dead.
The rat completely misses you. Natasha closely misses you.
The shadow imp barely misses you.
You closely miss Natasha.
Natasha is almost dead.
The rat bites you.
* * * LOW HITPOINT WARNING * * *
Natasha claws you.
You die...

#.#
#..........##.#.####.
#.#
#..........##.#..# #.
#.#
#..8.8.8.8.##.##.# #.
.# #############|##.#
#. .# #.# #. #.##[#
#.
#.######.##.##.###.
#..................
#5h#######..##....)
####.@# #..##..###
#...r.# #......#
#.##.########.###.##
.. #[....<........# #
#########...#######
#...# #... #########
#...# #.## ........#
#...# #.# #######.#
#...# #.#


You could see Natasha, a shadow imp and a rat.

Vanquished Creatures
  Ijyb (D:2)
  2 adders (D:2)
  An ooze (D:2)
  11 goblins
  4 hobgoblins
  4 quokkas
  5 bats
  3 frilled lizards
  5 kobolds
  2 rats
38 creatures vanquished.

Notes
Turn   | Place    | Note
-------+----------+-------------------------------------------
     0 | D:1      | sveltemanboy the Demonspawn Monk began the quest for the Orb.
     0 | D:1      | Reached XP level 1. HP: 18/18 MP: 1/1
   298 | D:1      | Gained mutation: You regenerate a little health from kills. [demonic ancestry]
   298 | D:1      | Reached XP level 2. HP: 22/24 MP: 2/2
   776 | D:2      | Reached skill level 1 in Armour
  1066 | D:2      | Gained mutation: You are surrounded by a mild repulsion field. (EV +2) [demonic ancestry]
  1066 | D:2      | Reached XP level 3. HP: 25/29 MP: 3/3
  1155 | D:2      | Noticed Ijyb
  1196 | D:2      | Killed Ijyb
  1196 | D:2      | Reached skill level 4 in Fighting
  1389 | D:2      | Reached XP level 4. HP: 37/37 MP: 4/4
  1557 | D:2      | Noticed Natasha
  1595 | D:2      | HP: 1/37 [rat (3)]
  1595 | D:2      | Slain by Natasha

Skill      XL: |  1  2  3  4 |
---------------+-------------+-----
Dodging        | 3 |  3.0
Armour         | 1 2 |  2.1
Fighting       | 4 |  4.1
Polearms       | |  2.6
Stealth        | |  1.7

Action                   |  1- 3 |  4- 6 || total
-------------------------+-------+-------++-------
Melee: Spear             |   177 |    17 ||   194
Throw: Tomahawk          |     2 |     1 ||     3
 Stab: Sleeping          |     5 |     1 ||     6
  Eat: Chunk             |     2 |       ||     2
Armor: Robe              |    14 |       ||    14
       Leather armour    |    15 |     5 ||    20
Dodge: Dodged            |   106 |    11 ||   117
